[ AOE2 MATCH · #479473995 ]
UnrankedSaracens vs Spanish
[ REPLAY ANALYSIS · EXTRACTED FROM THE RECORDED GAME ]
Feudal
13:31
Castle
19:29
Imperial
—
| APM avg | 22.8 |
| APM peak | 52 |
| eAPM avg | 13.5 |
| Villagers / military | 37 / 6 |
Focus
⚔️ 23.0% · 🌾 77.0%
Spearman ×4 · Mangonel ×2
Feudal
11:23
Castle
—
Imperial
—
| APM avg | 32.5 |
| APM peak | 79 |
| eAPM avg | 15.8 |
| Villagers / military | 34 / 13 |
Focus
⚔️ 38.7% · 🌾 61.3%
Scout Cavalry ×10 · Spearman ×3
Feudal
13:54
Castle
18:14
Imperial
—
| APM avg | 36.3 |
| APM peak | 60 |
| eAPM avg | 19.9 |
| Villagers / military | 38 / 8 |
Focus
⚔️ 34.8% · 🌾 65.2%
Conquistador ×8
Feudal
12:39
Castle
17:24
Imperial
—
| APM avg | 34.2 |
| APM peak | 85 |
| eAPM avg | 13.6 |
| Villagers / military | 42 / 6 |
Focus
⚔️ 15.9% · 🌾 84.1%
Knight ×6
Feudal
11:25
Castle
—
Imperial
—
| APM avg | 52.6 |
| APM peak | 88 |
| eAPM avg | 26.3 |
| Villagers / military | 40 / 33 |
Focus
⚔️ 42.0% · 🌾 58.0%
Archer ×29 · Spearman ×3 · Militia ×1
Feudal
11:33
Castle
—
Imperial
—
| APM avg | 34.0 |
| APM peak | 62 |
| eAPM avg | 13.3 |
| Villagers / military | 42 / 12 |
Focus
⚔️ 23.6% · 🌾 76.4%
Scout Cavalry ×11 · Spearman ×1
Match map
Initial resources + every placement click. Lines = walls · curves = elevation contours. ◆ gold · ⬟ stone · ● berries · ✦ relic · ◌ wall gap
Your base· Open — unwalled flank
Konigs's base· Open — unwalled flank
Pahvi0's base· Open — unwalled flank
NILDØIN's base· Open — unwalled flank
Shyles's base· Open — unwalled flank
Morso's base· Open — unwalled flank
Smoothed initial terrain · ◌ = detected wall gap · hover for details
Inputs per minute
— NoTrickPony - - Konigs
Build order — NoTrickPony
65 actions detected in the replay
| 0:19 | Build | Town Center |
| 2:11 | Build | House |
| 2:35 | Create | Villager (Male) ×4 |
| 2:35 | Create | Villager (Male) ×4 |
| 3:12 | Build | House |
| 4:06 | Research | Loom |
| 4:22 | Build | House |
| 4:27 | Build | Lumber Camp |
| 4:36 | Create | Villager (Male) |
| 4:40 | Create | Villager (Male) |
| 5:22 | Create | Villager (Male) |
| 5:56 | Create | Villager (Male) |
| 5:57 | Create | Villager (Male) |
| 5:57 | Create | Villager (Male) |
| 6:00 | Create | Villager (Male) |
| 6:18 | Create | Villager (Male) |
| 6:30 | Build | House |
| 7:20 | Build | Mill |
| 7:22 | Create | Villager (Male) |
| 7:55 | Create | Villager (Male) |
| 8:17 | Create | Villager (Male) |
| 8:36 | Create | Villager (Male) |
| 8:54 | Create | Villager (Male) |
| 9:07 | Build | House |
| 9:20 | Build | House |
| 9:40 | Create | Villager (Male) |
| 9:54 | Create | Villager (Male) |
| 10:29 | Create | Villager (Male) |
| 10:34 | Build | Mining Camp |
| 10:49 | Create | Villager (Male) |
| 11:11 | Research | Feudal Age |
| 11:38 | Build | Barracks |
| 11:56 | Create | Villager (Male) |
| 12:31 | Create | Villager (Male) |
| 12:31 | Create | Villager (Male) |
| 13:31 | Age | Feudal Age |
| 13:34 | Build | Market |
| 13:37 | Build | Blacksmith |
| 13:57 | Build | Market |
| 14:16 | Build | Watch Tower |
| 14:20 | Create | Villager (Male) |
| 14:24 | Build | House |
| 14:26 | Build | House |
| 14:45 | Build | Stone Wall |
| 14:52 | Create | Villager (Male) |
| 15:11 | Create | Spearman |
| 15:13 | Create | Villager (Male) |
| 15:34 | Build | Market |
| 16:00 | Create | Villager (Male) |
| 16:25 | Build | Blacksmith |
| 16:49 | Research | Castle Age |
| 16:49 | Research | Castle Age |
| 16:50 | Research | Castle Age |
| 17:46 | Create | Villager (Male) |
| 17:47 | Create | Villager (Male) |
| 18:04 | Create | Villager (Male) |
| 19:29 | Age | Castle Age |
| 19:35 | Build | Siege Workshop |
| 20:07 | Create | Mangonel |
| 20:07 | Create | Mangonel |
| 20:24 | Create | Spearman |
| 20:25 | Create | Spearman |
| 21:12 | Create | Spearman |
| 21:20 | Create | Villager (Male) |
| 21:20 | Create | Villager (Male) |
Build order — Konigs
97 actions detected in the replay
| 0:57 | Build | Town Center |
| 2:47 | Create | Villager (Male) |
| 2:47 | Create | Villager (Male) |
| 2:48 | Create | Villager (Male) |
| 2:56 | Build | House |
| 2:57 | Create | Villager (Male) |
| 3:25 | Build | Lumber Camp |
| 4:09 | Create | Villager (Male) |
| 4:39 | Build | House |
| 4:42 | Create | Villager (Male) |
| 5:11 | Create | Villager (Male) |
| 5:39 | Build | Mill |
| 5:49 | Create | Villager (Male) |
| 5:49 | Create | Villager (Male) |
| 6:15 | Create | Villager (Male) |
| 6:16 | Create | Villager (Male) |
| 6:22 | Build | House |
| 6:32 | Create | Villager (Male) |
| 6:34 | Create | Villager (Male) |
| 6:34 | Create | Villager (Male) |
| 7:10 | Create | Villager (Male) |
| 7:10 | Create | Villager (Male) |
| 7:51 | Create | Villager (Male) |
| 7:51 | Create | Villager (Male) |
| 7:51 | Create | Villager (Male) |
| 8:12 | Create | Villager (Male) |
| 9:13 | Research | Feudal Age |
| 9:13 | Research | Feudal Age |
| 9:52 | Build | Barracks |
| 10:19 | Create | Villager (Male) |
| 10:20 | Create | Villager (Male) |
| 10:27 | Build | House |
| 11:06 | Build | House |
| 11:23 | Age | Feudal Age |
| 11:35 | Build | Stable |
| 11:43 | Research | Double-Bit Axe |
| 11:44 | Research | Loom |
| 11:52 | Build | House |
| 11:58 | Create | Spearman |
| 12:16 | Research | Horse Collar |
| 12:20 | Create | Scout Cavalry |
| 12:26 | Create | Spearman |
| 12:31 | Create | Villager (Male) |
| 12:40 | Create | Scout Cavalry |
| 12:40 | Create | Scout Cavalry |
| 13:05 | Create | Scout Cavalry |
| 13:18 | Create | Scout Cavalry |
| 13:21 | Create | Villager (Male) |
| 13:33 | Create | Villager (Male) |
| 13:37 | Build | Farm |
| 13:39 | Build | Farm |
| 13:44 | Build | Farm |
| 13:46 | Create | Villager (Male) |
| 14:07 | Create | Scout Cavalry |
| 14:11 | Build | House |
| 14:15 | Build | Blacksmith |
| 14:25 | Create | Scout Cavalry |
| 14:31 | Build | Mining Camp |
| 14:50 | Create | Villager (Male) |
| 14:50 | Create | Villager (Male) |
| 15:04 | Build | Mill |
| 15:17 | Create | Scout Cavalry |
| 15:21 | Build | House |
| 15:22 | Build | House |
| 15:45 | Create | Scout Cavalry |
| 15:50 | Build | Farm |
| 15:53 | Create | Villager (Male) |
| 15:53 | Create | Villager (Male) |
| 16:13 | Research | Scale Barding Armor |
| 16:23 | Build | House |
| 16:27 | Build | Palisade Wall |
| 16:38 | Build | Market |
| 17:02 | Create | Villager (Male) |
| 17:02 | Create | Villager (Male) |
| 17:03 | Create | Villager (Male) |
| 17:07 | Build | Farm |
| 17:07 | Build | Farm |
| 17:08 | Build | Farm |
| 17:33 | Research | Forging |
| 17:48 | Create | Scout Cavalry |
| 17:53 | Build | House |
| 17:55 | Build | House |
| 17:57 | Build | Palisade Wall |
| 18:25 | Build | Farm |
| 18:26 | Build | Farm |
| 18:35 | Build | Palisade Wall |
| 18:37 | Build | Palisade Wall |
| 18:57 | Build | Farm |
| 18:57 | Build | Farm |
| 18:57 | Build | Farm |
| 18:58 | Build | Farm |
| 18:58 | Build | Farm |
| 19:46 | Create | Spearman |
| 19:49 | Create | Villager (Male) |
| 20:37 | Research | Castle Age |
| 21:12 | Build | House |
| 21:13 | Build | House |
Build order — Pahvi0
117 actions detected in the replay
| 0:48 | Build | Town Center |
| 1:58 | Build | House |
| 2:58 | Create | Villager (Male) |
| 3:10 | Create | Villager (Male) |
| 3:10 | Create | Villager (Male) |
| 3:30 | Create | Villager (Male) |
| 3:30 | Create | Villager (Male) |
| 4:26 | Create | Villager (Male) |
| 4:51 | Create | Villager (Male) |
| 4:51 | Create | Villager (Male) |
| 4:53 | Build | House |
| 5:08 | Create | Villager (Male) |
| 5:08 | Create | Villager (Male) |
| 5:50 | Build | Lumber Camp |
| 6:03 | Create | Villager (Male) |
| 6:08 | Build | House |
| 6:15 | Create | Villager (Male) |
| 6:49 | Create | Villager (Male) |
| 7:13 | Create | Villager (Male) |
| 7:19 | Build | House |
| 7:21 | Build | Palisade Wall |
| 7:40 | Create | Villager (Male) |
| 7:58 | Build | Mill |
| 8:12 | Create | Villager (Male) |
| 8:26 | Create | Villager (Male) |
| 8:27 | Create | Villager (Male) |
| 8:55 | Create | Villager (Male) |
| 9:07 | Build | Palisade Wall |
| 9:25 | Build | Palisade Wall |
| 9:28 | Build | Palisade Wall |
| 9:36 | Build | Palisade Wall |
| 9:40 | Build | Palisade Wall |
| 9:44 | Build | Palisade Wall |
| 9:44 | Create | Villager (Male) |
| 10:08 | Build | Mining Camp |
| 10:14 | Create | Villager (Male) |
| 10:35 | Create | Villager (Male) |
| 10:52 | Research | Feudal Age |
| 11:02 | Research | Loom |
| 11:03 | Research | Feudal Age |
| 11:03 | Research | Feudal Age |
| 11:06 | Build | House |
| 11:08 | Build | Palisade Wall |
| 11:11 | Build | Palisade Wall |
| 11:11 | Build | Palisade Wall |
| 11:40 | Build | House |
| 11:43 | Build | House |
| 11:57 | Build | House |
| 12:00 | Build | House |
| 12:17 | Create | Villager (Male) |
| 12:28 | Build | House |
| 12:30 | Build | Palisade Wall |
| 12:33 | Build | Palisade Wall |
| 12:33 | Build | Palisade Wall |
| 12:36 | Build | Palisade Wall |
| 12:43 | Build | House |
| 12:45 | Build | Palisade Wall |
| 12:58 | Build | Palisade Wall |
| 13:07 | Build | Palisade Wall |
| 13:09 | Build | Palisade Wall |
| 13:19 | Build | Palisade Gate |
| 13:20 | Build | House |
| 13:25 | Build | Palisade Wall |
| 13:26 | Build | Palisade Wall |
| 13:54 | Age | Feudal Age |
| 14:04 | Build | Market |
| 14:06 | Create | Villager (Male) |
| 14:30 | Create | Villager (Male) |
| 14:52 | Build | Blacksmith |
| 15:06 | Create | Villager (Male) |
| 15:20 | Build | Lumber Camp |
| 15:24 | Research | Castle Age |
| 15:25 | Research | Castle Age |
| 16:47 | Build | Mining Camp |
| 16:50 | Create | Villager (Male) |
| 17:06 | Build | Farm |
| 17:10 | Build | Mill |
| 17:30 | Build | Farm |
| 17:46 | Research | Double-Bit Axe |
| 18:14 | Age | Castle Age |
| 18:16 | Build | Castle |
| 18:24 | Research | Padded Archer Armor |
| 18:24 | Research | Padded Archer Armor |
| 18:27 | Research | Horse Collar |
| 18:28 | Research | Horse Collar |
| 18:31 | Build | Farm |
| 18:33 | Build | Farm |
| 18:36 | Create | Villager (Male) |
| 18:45 | Build | Palisade Wall |
| 18:48 | Build | Mill |
| 18:53 | Create | Villager (Male) |
| 18:55 | Build | Farm |
| 19:16 | Build | Farm |
| 19:20 | Build | Farm |
| 19:21 | Create | Villager (Male) |
| 19:33 | Create | Conquistador |
| 19:33 | Create | Conquistador |
| 19:47 | Build | Farm |
| 19:49 | Create | Villager (Male) |
| 19:59 | Create | Villager (Male) |
| 19:59 | Create | Villager (Male) |
| 20:05 | Build | Farm |
| 20:10 | Create | Conquistador |
| 20:23 | Create | Conquistador |
| 20:31 | Build | House |
| 20:34 | Build | House |
| 20:38 | Create | Villager (Male) |
| 20:42 | Build | Farm |
| 20:54 | Create | Villager (Male) |
| 20:56 | Create | Conquistador |
| 21:20 | Create | Villager (Male) |
| 21:20 | Create | Conquistador |
| 21:34 | Create | Conquistador |
| 21:55 | Create | Villager (Male) |
| 22:01 | Create | Conquistador |
| 22:12 | Create | Villager (Male) |
| 22:15 | Build | Farm |
Build order — NILDØIN
84 actions detected in the replay
| 0:19 | Build | Town Center |
| 1:59 | Build | House |
| 2:29 | Create | Villager (Male) |
| 2:29 | Create | Villager (Male) |
| 2:29 | Create | Villager (Male) |
| 2:29 | Create | Villager (Male) |
| 2:30 | Create | Villager (Male) |
| 3:27 | Create | Villager (Male) |
| 4:10 | Create | Villager (Male) |
| 4:38 | Build | Lumber Camp |
| 5:16 | Create | Villager (Male) |
| 5:16 | Create | Villager (Male) |
| 5:16 | Create | Villager (Male) |
| 5:18 | Create | Villager (Male) |
| 5:21 | Build | House |
| 6:15 | Create | Villager (Male) |
| 6:46 | Create | Villager (Male) |
| 6:59 | Create | Villager (Male) |
| 7:11 | Create | Villager (Male) |
| 7:20 | Build | House |
| 7:40 | Create | Villager (Male) |
| 7:50 | Create | Villager (Male) |
| 7:57 | Build | House |
| 8:03 | Create | Villager (Male) |
| 8:26 | Create | Villager (Male) |
| 8:31 | Create | Villager (Male) |
| 8:45 | Create | Villager (Male) |
| 8:55 | Create | Villager (Male) |
| 9:17 | Create | Villager (Male) |
| 9:41 | Create | Villager (Male) |
| 9:58 | Create | Villager (Male) |
| 10:20 | Create | Villager (Male) |
| 10:29 | Research | Feudal Age |
| 10:47 | Build | Mining Camp |
| 10:55 | Create | Villager (Male) |
| 11:25 | Build | Mill |
| 11:29 | Create | Villager (Male) |
| 11:43 | Create | Villager (Male) |
| 12:00 | Build | House |
| 12:01 | Build | House |
| 12:18 | Build | Palisade Wall |
| 12:39 | Age | Feudal Age |
| 13:11 | Build | Blacksmith |
| 13:16 | Create | Villager (Male) |
| 13:30 | Create | Villager (Male) |
| 13:59 | Build | Market |
| 14:28 | Research | Loom |
| 14:38 | Research | Castle Age |
| 14:54 | Build | Farm |
| 15:03 | Research | Double-Bit Axe |
| 15:27 | Create | Villager (Male) |
| 15:51 | Research | Horse Collar |
| 15:57 | Build | Farm |
| 16:05 | Create | Villager (Male) |
| 16:15 | Build | Barracks |
| 16:30 | Create | Villager (Male) |
| 16:44 | Build | House |
| 17:01 | Build | Palisade Wall |
| 17:03 | Build | Palisade Wall |
| 17:11 | Build | Stable |
| 17:24 | Age | Castle Age |
| 17:41 | Build | Farm |
| 18:09 | Create | Knight |
| 18:30 | Create | Villager (Male) |
| 18:36 | Research | Bloodlines |
| 18:36 | Create | Knight |
| 18:44 | Build | Town Center |
| 19:03 | Create | Villager (Male) |
| 19:03 | Create | Villager (Male) |
| 19:23 | Build | Farm |
| 19:25 | Build | Farm |
| 19:29 | Create | Villager (Male) |
| 19:30 | Create | Villager (Male) |
| 19:31 | Create | Villager (Male) |
| 20:00 | Create | Knight |
| 20:15 | Build | Farm |
| 20:17 | Build | Farm |
| 20:19 | Build | Farm |
| 20:22 | Create | Villager (Male) |
| 20:43 | Create | Knight |
| 20:49 | Build | Farm |
| 21:16 | Create | Knight |
| 21:33 | Create | Villager (Male) |
| 21:56 | Create | Knight |
Build order — Shyles
115 actions detected in the replay
| 0:10 | Build | Town Center |
| 2:06 | Create | Villager (Male) |
| 2:06 | Create | Villager (Male) |
| 2:07 | Create | Villager (Male) |
| 2:10 | Build | House |
| 3:15 | Create | Villager (Male) |
| 3:42 | Create | Villager (Male) |
| 3:42 | Create | Villager (Male) |
| 3:52 | Build | House |
| 3:58 | Create | Villager (Male) |
| 4:26 | Create | Villager (Male) |
| 4:27 | Create | Villager (Male) |
| 5:05 | Create | Villager (Male) |
| 5:05 | Create | Villager (Male) |
| 5:33 | Create | Villager (Male) |
| 5:34 | Create | Villager (Male) |
| 5:42 | Build | House |
| 5:45 | Build | House |
| 6:00 | Build | House |
| 6:15 | Build | House |
| 6:23 | Build | Lumber Camp |
| 6:35 | Create | Villager (Male) |
| 6:35 | Create | Villager (Male) |
| 6:46 | Build | House |
| 6:53 | Create | Villager (Male) |
| 7:58 | Create | Villager (Male) |
| 8:06 | Create | Villager (Male) |
| 8:34 | Build | Mining Camp |
| 8:50 | Create | Villager (Male) |
| 9:07 | Research | Feudal Age |
| 9:45 | Build | Barracks |
| 10:15 | Build | Mill |
| 10:42 | Build | House |
| 10:47 | Research | Loom |
| 11:09 | Create | Villager (Male) |
| 11:09 | Create | Villager (Male) |
| 11:25 | Age | Feudal Age |
| 11:28 | Build | Archery Range |
| 11:37 | Build | Archery Range |
| 11:39 | Create | Villager (Male) |
| 12:13 | Create | Villager (Male) |
| 12:20 | Create | Archer |
| 12:22 | Build | House |
| 12:30 | Build | Blacksmith |
| 12:31 | Create | Archer |
| 12:31 | Create | Villager (Male) |
| 12:53 | Create | Villager (Male) |
| 12:55 | Create | Archer |
| 12:56 | Create | Archer |
| 12:59 | Build | House |
| 13:06 | Create | Archer |
| 13:15 | Research | Fletching |
| 13:16 | Research | Fletching |
| 13:20 | Create | Villager (Male) |
| 13:20 | Create | Villager (Male) |
| 13:28 | Create | Archer |
| 13:30 | Create | Archer |
| 14:06 | Create | Archer |
| 14:07 | Create | Archer |
| 14:24 | Create | Archer |
| 14:24 | Create | Villager (Male) |
| 14:25 | Create | Villager (Male) |
| 14:50 | Create | Villager (Male) |
| 14:50 | Create | Villager (Male) |
| 14:51 | Create | Archer |
| 14:51 | Create | Archer |
| 15:02 | Create | Archer |
| 15:02 | Create | Archer |
| 15:14 | Build | Mill |
| 15:27 | Create | Villager (Male) |
| 15:30 | Build | House |
| 15:30 | Build | House |
| 16:06 | Create | Archer |
| 16:06 | Create | Villager (Male) |
| 16:09 | Build | House |
| 16:24 | Create | Villager (Male) |
| 16:29 | Build | Mill |
| 16:49 | Create | Archer |
| 16:49 | Create | Archer |
| 17:01 | Create | Spearman |
| 17:07 | Create | Archer |
| 17:08 | Create | Archer |
| 17:08 | Create | Villager (Male) |
| 17:08 | Create | Villager (Male) |
| 17:20 | Create | Spearman |
| 17:25 | Create | Spearman |
| 17:30 | Create | Villager (Male) |
| 18:13 | Build | Palisade Wall |
| 18:14 | Build | Palisade Wall |
| 18:16 | Build | Palisade Wall |
| 18:32 | Create | Villager (Male) |
| 18:33 | Create | Villager (Male) |
| 18:43 | Build | House |
| 18:45 | Build | House |
| 18:47 | Build | House |
| 18:50 | Build | Palisade Wall |
| 18:56 | Create | Archer |
| 18:56 | Create | Archer |
| 18:57 | Create | Villager (Male) |
| 19:14 | Build | House |
| 19:22 | Create | Archer |
| 19:22 | Create | Archer |
| 19:25 | Build | House |
| 19:53 | Create | Militia |
| 19:56 | Create | Archer |
| 19:56 | Create | Archer |
| 20:20 | Build | Outpost |
| 20:21 | Build | Outpost |
| 20:31 | Create | Archer |
| 20:31 | Create | Archer |
| 20:41 | Build | Archery Range |
| 21:02 | Research | Castle Age |
| 21:20 | Create | Archer |
| 21:20 | Create | Archer |
| 21:25 | Research | Double-Bit Axe |
Build order — Morso
99 actions detected in the replay
| 0:29 | Build | Town Center |
| 2:31 | Build | House |
| 2:37 | Create | Villager (Male) |
| 2:37 | Create | Villager (Male) |
| 2:37 | Create | Villager (Male) |
| 2:37 | Create | Villager (Male) |
| 2:38 | Create | Villager (Male) |
| 2:41 | Build | House |
| 3:42 | Create | Villager (Male) |
| 3:42 | Create | Villager (Male) |
| 4:12 | Create | Villager (Male) |
| 4:12 | Create | Villager (Male) |
| 4:18 | Build | House |
| 4:31 | Build | House |
| 4:35 | Create | Villager (Male) |
| 4:36 | Create | Villager (Male) |
| 4:52 | Build | Lumber Camp |
| 5:05 | Create | Villager (Male) |
| 5:48 | Create | Villager (Male) |
| 5:48 | Create | Villager (Male) |
| 5:49 | Create | Villager (Male) |
| 6:09 | Create | Villager (Male) |
| 6:09 | Create | Villager (Male) |
| 6:19 | Create | Villager (Male) |
| 6:19 | Create | Villager (Male) |
| 6:23 | Build | House |
| 7:05 | Create | Villager (Male) |
| 7:05 | Create | Villager (Male) |
| 7:05 | Create | Villager (Male) |
| 7:08 | Build | House |
| 7:24 | Build | House |
| 7:52 | Create | Villager (Male) |
| 8:01 | Build | House |
| 8:05 | Build | House |
| 8:28 | Build | Mill |
| 8:33 | Create | Villager (Male) |
| 9:23 | Research | Feudal Age |
| 9:23 | Research | Feudal Age |
| 10:25 | Build | Barracks |
| 11:06 | Create | Villager (Male) |
| 11:33 | Age | Feudal Age |
| 11:33 | Create | Villager (Male) |
| 11:36 | Build | Stable |
| 11:42 | Research | Double-Bit Axe |
| 12:00 | Create | Villager (Male) |
| 12:05 | Build | House |
| 12:12 | Create | Scout Cavalry |
| 12:12 | Create | Scout Cavalry |
| 12:14 | Create | Spearman |
| 12:32 | Build | Palisade Wall |
| 12:35 | Build | Stable |
| 12:42 | Create | Villager (Male) |
| 12:44 | Create | Scout Cavalry |
| 13:05 | Build | Palisade Gate |
| 13:11 | Build | Palisade Wall |
| 13:12 | Build | Palisade Wall |
| 13:15 | Create | Villager (Male) |
| 13:16 | Research | Loom |
| 13:18 | Create | Villager (Male) |
| 13:23 | Create | Scout Cavalry |
| 13:37 | Create | Scout Cavalry |
| 13:40 | Build | House |
| 13:56 | Build | Blacksmith |
| 14:09 | Create | Scout Cavalry |
| 14:49 | Create | Villager (Male) |
| 14:54 | Research | Scale Barding Armor |
| 15:12 | Create | Villager (Male) |
| 15:16 | Build | Mill |
| 15:19 | Create | Scout Cavalry |
| 15:50 | Create | Villager (Male) |
| 16:03 | Build | Mining Camp |
| 16:07 | Create | Villager (Male) |
| 16:28 | Create | Villager (Male) |
| 16:43 | Create | Villager (Male) |
| 16:46 | Build | House |
| 17:01 | Create | Scout Cavalry |
| 17:01 | Create | Scout Cavalry |
| 17:15 | Create | Villager (Male) |
| 17:58 | Create | Villager (Male) |
| 18:01 | Create | Scout Cavalry |
| 18:02 | Create | Scout Cavalry |
| 18:16 | Create | Villager (Male) |
| 18:26 | Build | Farm |
| 18:26 | Build | Farm |
| 18:27 | Build | Farm |
| 18:27 | Build | Farm |
| 18:27 | Build | Farm |
| 18:28 | Build | Farm |
| 18:57 | Create | Villager (Male) |
| 19:00 | Build | Farm |
| 19:03 | Create | Villager (Male) |
| 19:20 | Build | Archery Range |
| 19:30 | Build | House |
| 20:18 | Research | Castle Age |
| 20:35 | Research | Bloodlines |
| 21:04 | Research | Fletching |
| 21:11 | Build | Archery Range |
| 21:43 | Create | Villager (Male) |
| 21:46 | Build | House |
Match timeline
| 7:21 | Pahvi0 · wall_segment Palisade Wall x1 |
| 9:07 | Pahvi0 · wall_segment Palisade Wall x2 |
| 9:25 | Pahvi0 · wall_segment Palisade Wall x1 |
| 9:28 | Pahvi0 · wall_segment Palisade Wall x1 |
| 9:36 | Pahvi0 · wall_segment Palisade Wall x1 |
| 9:40 | Pahvi0 · wall_segment Palisade Wall x2 |
| 9:44 | Pahvi0 · wall_segment Palisade Wall x5 |
| 9:45 | Shyles · first_building Barracks |
| 9:52 | Konigs · first_building Barracks |
| 10:25 | Morso · first_building Barracks |
| 11:08 | Pahvi0 · wall_segment Palisade Wall x3 |
| 11:11 | Pahvi0 · wall_segment Palisade Wall x1 |
| 11:11 | Pahvi0 · wall_segment Palisade Wall x4 |
| 11:23 | Konigs · age_up feudal |
| 11:25 | Shyles · age_up feudal |
| 11:28 | Shyles · first_building Archery Range |
| 11:33 | Morso · age_up feudal |
| 11:35 | Konigs · first_building Stable |
| 11:36 | Morso · first_building Stable |
| 11:38 | NoTrickPony · first_building Barracks |
| 12:18 | NILDØIN · wall_segment Palisade Wall x7 |
| 12:30 | Pahvi0 · wall_segment Palisade Wall x3 |
| 12:32 | Morso · wall_segment Palisade Wall x4 |
| 12:33 | Pahvi0 · wall_segment Palisade Wall x1 |
| 12:33 | Pahvi0 · wall_segment Palisade Wall x1 |
| 12:36 | Pahvi0 · wall_segment Palisade Wall x9 |
| 12:39 | NILDØIN · age_up feudal |
| 12:45 | Pahvi0 · wall_segment Palisade Wall x4 |
| 12:58 | Pahvi0 · wall_segment Palisade Wall x1 |
| 13:07 | Pahvi0 · wall_segment Palisade Wall x2 |
| 13:09 | Pahvi0 · wall_segment Palisade Wall x7 |
| 13:11 | Morso · wall_segment Palisade Wall x3 |
| 13:12 | Morso · wall_segment Palisade Wall x1 |
| 13:25 | Pahvi0 · wall_segment Palisade Wall x1 |
| 13:26 | Pahvi0 · wall_segment Palisade Wall x4 |
| 13:31 | NoTrickPony · age_up feudal |
| 13:54 | Pahvi0 · age_up feudal |
| 14:45 | NoTrickPony · wall_segment Stone Wall x1 |
| 14:45 | Pahvi0 · first_market_sell 100 food |
| 14:46 | Pahvi0 · first_market_buy 100 wood |
| 16:15 | NILDØIN · first_building Barracks |
| 16:27 | Konigs · wall_segment Palisade Wall x1 |
| 17:01 | NILDØIN · wall_segment Palisade Wall x4 |
| 17:03 | NILDØIN · wall_segment Palisade Wall x4 |
| 17:11 | NILDØIN · first_building Stable |
| 17:24 | NILDØIN · age_up castle |
| 17:49 | NoTrickPony · first_market_sell 500 wood |
| 17:51 | NoTrickPony · first_market_buy 100 stone |
| 17:57 | Konigs · wall_segment Palisade Wall x1 |
| 18:13 | Shyles · wall_segment Palisade Wall x1 |
| 18:14 | Pahvi0 · age_up castle |
| 18:14 | Shyles · wall_segment Palisade Wall x1 |
| 18:16 | Shyles · wall_segment Palisade Wall x1 |
| 18:16 | Pahvi0 · first_building Castle |
| 18:35 | Konigs · wall_segment Palisade Wall x1 |
| 18:37 | Konigs · wall_segment Palisade Wall x1 |
| 18:45 | Pahvi0 · wall_segment Palisade Wall x1 |
| 18:50 | Shyles · wall_segment Palisade Wall x1 |
| 19:20 | Morso · first_building Archery Range |
| 19:29 | NoTrickPony · age_up castle |
| 19:35 | NoTrickPony · first_building Siege Workshop |
| 20:37 | Konigs · first_market_buy 100 food |
| 22:03 | Konigs · resign |
[ AI ANALYSIS · 1 CREDIT ]
What really happened in this match?
Wolo.gg analyzes every decision: build order, eco, micro, common mistakes by bracket. Personalized analysis on WhatsApp or Discord in 30 seconds.
Civ guide
Saracens
Perfil
Jugador #464622